 Dungeon Crawl Stone Soup version 0.31.0-1-g2c135a008e (webtiles) character file.

Game seed: 1811019437224884572

153812 Amplified the Tortoise (level 16, 0/157 HPs)
             Began as a Minotaur Alchemist on Jan 20, 2024.
             Was an Elder of Qazlal.
             Slain by a demonic crawler (3 damage)
             ... on level 3 of the Spider Nest.
             The game lasted 00:47:53 (26064 turns).

Amplified the Tortoise (Minotaur Alchemist)        Turns: 26064, Time: 00:47:54

Health: 0/157      AC: 32    Str: 21    XL:     16   Next: 83%
Magic:  6/25       EV:  6    Int: 12    God:    Qazlal [****..]
Gold:   1036       SH: 23    Dex: 17    Spells: 16/17 levels left

rFire   + . .        f - +10 broad axe of the Tooth {pain, rF- rCorr Dex+6 SInv}
rCold   + . .        M - +0 kite shield {reflect}
rNeg    . . .        C - +3 crystal plate armour
rPois   +            y - +2 hat
rElec   +            x - +0 cloak
rCorr   +            (no gloves)
SInv    +            k - +2 pair of boots
Will    +....        c - amulet of reflection Stlth
                     l - ring of fire
HPRegen 0.46/turn    j - ring "Zipokly" {Wiz rC+}
MPRegen 0.19/turn

%: repel missiles, reflection, wizardry (x1)
@: resistant, protected from physical damage, corroded
A: horns 2, retaliatory headbutt
a: Renounce Religion, Upheaval, Elemental Force


You were on level 3 of the Spider Nest.
You worshipped Qazlal.
Qazlal was greatly pleased with you.
You visited 5 branches of the dungeon, and saw 27 of its levels.
You also visited: Bailey.

You collected 2406 gold pieces.
You spent 1370 gold pieces at shops.

Inventory:

Hand Weapons
 f - the +10 broad axe of the Tooth (weapon) {pain, rF- rCorr Dex+6 SInv}
   (You bought it in a shop on level 12 of the Dungeon)

   Dex+6:     It affects your dexterity (+6).
   rF-:       It makes you vulnerable to fire.
   SInv:      It lets you see invisible.
   rCorr:     It protects you from acid and corrosion.
 w - the +5 demon whip "Spellbinder" {antimagic, disrupt, Will+}
   (You bought it in a shop on level 12 of the Dungeon)

   Will+:     It increases your willpower.
Missiles
 z - 3 curare-tipped darts (quivered)
Armour
 k - a +2 pair of boots (worn)
 x - a +0 cloak (worn)
 y - a +2 hat (worn)
 C - a +3 crystal plate armour (worn)
 M - a +0 kite shield of reflection (worn)
Jewellery
 c - an amulet of reflection (around neck)
 j - the ring "Zipokly" (right hand) {Wiz rC+}
   (You found it on level 7 of the Dungeon)

   [ring of wizardry]

   Wiz:       It improves your spell success rate.
   rC+:       It protects you from cold.
 l - a ring of fire (left hand)
 p - a ring of positive energy
 u - an amulet of faith
 E - a ring of protection from cold
 F - a ring of ice
 R - a ring of willpower
Wands
 a - a wand of charming (16)
 i - a wand of flame (15)
 H - a wand of light (3)
 I - a wand of mindburst (6)
 V - a wand of polymorph (5)
Scrolls
 h - 4 scrolls of vulnerability
 q - 5 scrolls of teleportation
 s - 5 scrolls of noise
 t - 2 scrolls of identify
 v - 3 scrolls of torment
 A - a scroll of fog
 D - a scroll of butterflies
 G - a scroll of immolation
 J - a scroll of acquirement
 N - a scroll of silence
 O - a scroll of enchant weapon
 Q - 2 scrolls of poison
Potions
 b - 2 potions of magic
 d - 6 potions of cancellation
 g - 5 potions of curing
 m - 2 potions of lignification
 n - 3 potions of attraction
 r - 3 potions of mutation
 B - 5 potions of brilliance
 K - 2 potions of berserk rage
 P - 2 potions of enlightenment
 U - a potion of might
Miscellaneous
 S - a condenser vane


   Skills:
 * Level 17.8 Fighting
 * Level 9.0(12.0) Axes
 - Level 12.8(13.9) Maces & Flails
 * Level 20.0 Armour
 - Level 2.1 Dodging
 - Level 1.5 Stealth
 * Level 12.9 Shields
 - Level 1.3 Spellcasting
 - Level 0.6 Conjurations
 * Level 5.5 Necromancy
 - Level 2.1 Alchemy
 * Level 13.7 Invocations


You had 16 spell levels left.
You knew the following spells:

 Your Spells              Type           Power      Damage    Failure   Level
a - Sting                 Conj/Alch      16%        1d4       92%         1

Your spell library contained the following spells:

 Spells                   Type           Power      Damage    Failure   Level
 Cigotuvi's Dreadful Rot  Necr/Alch/Air  12%        N/A       91%         2
 Magic Dart               Conj           8%         1d3       97%         1
 Freeze                   Ice            0%         1d3       98%         1
 Mercury Vapours          Alch/Air       6%         N/A       98%         2
 Blink                    Tloc           0%         N/A       99%         2
 Call Imp                 Summ           0%         N/A       99%         2
 Static Discharge         Conj/Air       2%         3-4/arc   99%         2
 Frozen Ramparts          Ice            0%         1d1       100%        3
 Gell's Gravitas          Tloc           0%         N/A       100%        3
 Hailstorm                Conj/Ice       1%         3d5       100%        3
 Mephitic Cloud           Conj/Alch/Air  3%         N/A       100%        3
 Ozocubu's Armour         Ice            0%         N/A       100%        3
 Teleport Other           Tloc           0%         N/A       100%        3
 Tukima's Dance           Hex            0%         N/A       100%        3
 Volatile Blastmotes      Fire/Tloc      2%         2d10      100%        3
 Airstrike                Air            0%         2d(0-16)  100%        4
 Anguish                  Hex/Necr       3%         N/A       100%        4
 Cause Fear               Hex            0%         N/A       100%        4
 Fulminant Prism          Conj/Alch      2%         3d5       100%        4
 Ignite Poison            Fire/Alch      5%         N/A       100%        4
 Iskenderun's Mystic Bla  Conj/Tloc      1%         2d3       100%        4
 Leda's Liquefaction      Alch/Erth      1%         N/A       100%        4
 Olgreb's Toxic Radiance  Alch           6%         N/A       100%        4
 Passage of Golubria      Tloc           0%         N/A       100%        4
 Sticky Flame             Fire/Alch      5%         2d4       100%        4
 Summon Lightning Spire   Summ/Air       0%         N/A       100%        4
 Vhi's Electric Charge    Tloc/Air       0%         N/A       100%        4
 Arcjolt                  Conj/Air       0%         1d10      100%        5
 Freezing Cloud           Conj/Ice/Air   0%         6-21      100%        5
 Lee's Rapid Deconstruct  Erth           0%         3d4*      100%        5
 Metabolic Englaciation   Hex/Ice        0%         N/A       100%        5
 Yara's Violent Unravell  Hex/Alch       1%         3d3       100%        5
 Bombard                  Conj/Erth      0%         9d1       100%        6
 Dispersal                Tloc           0%         N/A       100%        6
 Plasma Beam              Fire/Air       0%         2x1d10    100%        6
 Sculpt Simulacrum        Ice/Alch       1%         N/A       100%        6
 Enfeeble                 Hex            0%         N/A       100%        7
 Ozocubu's Refrigeration  Ice            0%         4d7       100%        7
 Discord                  Hex            0%         N/A       100%        8


Dungeon Overview and Level Annotations

Branches:
Dungeon (15/15)            Temple (1/1) D:6            Lair (5/5) D:11
 Spider (4/4) Lair:2        Slime (0/5) Lair:4          Orc (2/2) D:12
    Elf (0/3) Orc:2        Vaults (0/5) D:14         Depths (0/4) D:15
 Bailey (visited)
  Swamp: Lair:2-3    Shoals: Lair:2-3

Altars:
Ashenzari
Cheibriados
Dithmenos
Elyvilon
Fedhas
Gozag
Hepliaklqana
Kikubaaqudgha
Makhleb
Nemelex Xobeh
Okawaru
Qazlal
Ru
Sif Muna
Trog
Uskayaw
Vehumet
Wu Jian
Xom
Yredelemnul
Zin
The Shining One
Jiyva

Shops:
D:12 (?([   Orc:2 !![*

Portals:
Abyss: D:7
Trove: D:11 (give 2 scrolls of acquirement)

Annotations:
D:4 1 runed translucent door, ozzols's ghost, amateur MiBe
D:7 2 transporters, Henri's ghost, novice TrSh
D:9 exclusion: statue
D:12 2 transporters, mrks's ghost, novice TrSh
Lair:3 3 runed translucent doors, Irhican's ghost, journeyman MiBe


Innate Abilities, Weirdness & Mutations

You have a pair of horns on your head.
You reflexively headbutt those who attack you in melee.


Message History

You block the demonic crawler's attack. x3
Your water elemental hits the wolf spider!
The wolf spider dies!
Qazlal accepts your kill.
A freezing mist starts to gather...
Your base Axes skill increases to level 9!
A wolf spider simulacrum comes into view.
Unknown command.
Unknown command.
Unknown command.
Unknown command.
Okay, then.
You feel protected.
* * * LOW HITPOINT WARNING * * *
You feel extremely sick.
Your air elemental barely misses the redback simulacrum.
Your fire elemental hits the demonic crawler.
Your fire elemental burns the demonic crawler!
Your air elemental fires a burst of electricity at the redback simulacrum.
The stunning burst hits the redback simulacrum!!
The redback simulacrum is paralysed.
You block the demonic crawler's attack. x3
The wolf spider simulacrum is engulfed in blazing flames.
Your fire elemental hits the demonic crawler.
Your fire elemental burns the demonic crawler!
Your air elemental fires a burst of electricity at the redback simulacrum.
The stunning burst hits the redback simulacrum!!
The redback simulacrum vaporises!
Unknown command.
You feel better. The demonic crawler hits you.
* * * LOW HITPOINT WARNING * * *
You block the demonic crawler's attack. x2
You block the wolf spider simulacrum's attack.
The wolf spider simulacrum bites you but does no damage.
Your fire elemental hits the demonic crawler.
Your fire elemental burns the demonic crawler!
Your air elemental hits the wolf spider simulacrum!
The demonic crawler hits you!
* * * LOW HITPOINT WARNING * * *
The demonic crawler hits you.
You die...

.##.#.....#...#......##..#..##^.#
..#.......#...^..#...#...##..#...
..#....##.##...#####^.....##...##
#####..#..#.....#..##.......#^#..
^...##.#..##^..^....###..^..###..
.....#.....####.^.###.####...#...
^###..#.......#####....#.....#...
..#...###.....#......#.#..^.##...
###..##.#.#####E@E○...####.....#.
.##.......^##.§sZ#☼.###..##....##
..#.......^#.^E○##^...##..#..#...
..####.^......^.###....#..####.#.
#....#####..#..## #>...#...).....
...^..########## #.†..###...###.
#^##..##..##..# ###..#.##.^..##
####..........# #.......#...#
#.......##....### ##..#..####^.


You could see a demonic crawler (ally target), a wolf spider simulacrum
(distracted), a friendly water elemental (summoned), a friendly fire elemental
(summoned) and a friendly air elemental (summoned).

Vanquished Creatures
  Jorgrun (Orc:2)
  Frances (D:12)
  Kirke (Lair:3)
  Gastronok (Lair:3)
  2 ghost moths
  An emperor scorpion (Spider:1)
  7 broodmothers
  2 spark wasps
  Azrael (D:13)
  Snorg (Orc:2)
  Fannar (D:12)
  An entropy weaver (shapeshifter) (D:14)
  3 entropy weavers
  A vault guard (D:14)
  5 hydras
  Harold (D:9)
  An ogre mage (D:15)
  A jorogumo (Spider:2)
  A catoblepas (Lair:5)
  6 two-headed ogres
  Erica (Orc:1)
  An ironbound frostheart (D:14)
  3 boulder beetles
  2 tengu warriors (D:15)
  7 centaur warriors
  A death scarab (Spider:3)
  8 death yaks
  5 demonic crawlers
  4 skeletal warriors
  7 pharaoh ants
  A steelbarb worm (Spider:3)
  7 orb spiders
  A mana viper (shapeshifter) (D:15)
  An orc knight (Orc:2)
  2 sun moths (Spider:3)
  16 wolf spiders
  20 ugly things
  2 deep elf pyromancers
  2 orc sorcerers (Orc:2)
  5 cyclopes
  A manticore (D:14)
  2 moths of wrath
  8 black mambas
  5 kobold blastminers
  15 elephants
  A water nymph (Lair:3)
  3 torpor snails
  7 meliai
  7 cane toads
  A gargoyle (D:13)
  A yaktaur (D:15)
  3 rime drakes
  An unseen horror (D:13)
  An efreet (D:13)
  6 komodo dragons
  2 polar bears
  11 trolls
  A hornet (D:10)
  A hornet (shapeshifter) (D:14)
  23 tarantellas
  4 dream sheep (Lair:1)
  15 blink frogs
  18 jumping spiders
  18 culicivoras
  8 slime creatures
  4 wraiths
  3 wyverns
  2 humans (D:14)
  A water elemental (D:14)
  5 fire elementals
  3 hogs (Lair:3)
  4 wargs (Orc:2)
  4 basilisks
  4 steam dragons (D:7)
  60 redbacks
  33 yaks
  12 vampire mosquitoes
  2 hell hounds (D:13)
  12 water moccasins
  Duvessa (D:7)
  47 orc warriors
  4 sky beasts (D:7)
  3 black bears
  2 ice beasts (D:7)
  5 ogres
  A boggart (Bailey)
  6 wolves
  26 centaurs
  A crocodile (D:7)
  3 kobold brigands
  10 bullfrogs
  2 gnoll sergeants
  2 scorpions
  4 wights (D:7)
  Dowan (D:7)
  12 killer bees
  3 howler monkeys
  3 quasits (D:6)
  4 hounds
  A jelly (D:7)
  A gnoll bouda (D:5)
  16 orc priests
  3 sleepcaps (D:7)
  4 iguanas
  12 orc wizards
  2 hell rats (Lair:5)
  7 adders
  27 gnolls
  5 river rats (Lair:5)
  2 shadow imps (D:5)
  3 white imps
  5 ufetubi (D:6)
  A ribbon worm (D:5)
  98 orcs
  5 ball pythons
  11 endoplasms
  2 giant cockroaches
  12 goblins
  6 hobgoblins
  7 jackals
  3 quokkas
  9 bats
  4 frilled lizards (D:1)
  14 kobolds
  9 rats
856 creatures vanquished.

Vanquished Creatures (collateral kills)
  A deep troll shaman (Lair:5)
  A death yak (Lair:5)
  A wolf spider (Spider:3)
  A tarantella (Spider:2)
  A culicivora (Spider:2)
  A redback (Spider:3)
  3 orc warriors (Bailey)
  2 centaurs (Bailey)
  A wolf (D:11)
  An orc priest (D:10)
  4 orcs
17 creatures vanquished.

Vanquished Creatures (others)
  A human (Lair:3)
  An electric eel (D:14)
  An orc (Bailey)
  A butterfly (D:3)
4 creatures vanquished.

Grand Total: 877 creatures vanquished

Notes
Turn   | Place    | Note
-------+----------+-------------------------------------------
     0 | D:1      | Amplified the Minotaur Alchemist began the quest for the
                  | Orb.
     0 | D:1      | Reached XP level 1. HP: 14/14 MP: 1/1
   210 | D:1      | Reached skill level 1 in Fighting
   210 | D:1      | Reached skill level 1 in Armour
   255 | D:1      | Reached XP level 2. HP: 22/23 MP: 3/3
   586 | D:1      | Reached skill level 2 in Armour
   828 | D:1      | Reached XP level 3. HP: 28/29 MP: 4/4
  1269 | D:2      | Reached skill level 3 in Armour
  1269 | D:2      | Reached XP level 4. HP: 38/38 MP: 5/5
  1393 | D:2      | Reached skill level 4 in Armour
  1393 | D:2      | Reached XP level 5. HP: 35/46 MP: 6/6
  2205 | D:3      | Found a white marble altar of Elyvilon.
  2219 | D:3      | Reached XP level 6. HP: 29/55 MP: 7/7
  2233 | D:3      | Reached skill level 5 in Fighting
  2233 | D:3      | Reached skill level 5 in Armour
  3088 | D:4      | Reached skill level 6 in Armour
  3088 | D:4      | Reached XP level 7. HP: 63/63 MP: 4/8
  3273 | D:4      | Found a runed translucent door.
  3273 | D:4      | Noticed ozzols's ghost (amateur MiBe)
  3321 | D:5      | Entered Level 5 of the Dungeon
  3467 | D:5      | Found a basalt altar of Yredelemnul.
  3704 | D:5      | Reached skill level 7 in Armour
  4475 | D:6      | Found a staircase to the Ecumenical Temple.
  4536 | D:6      | Reached XP level 8. HP: 63/74 MP: 9/9
  4598 | Temple   | Entered the Ecumenical Temple
  4604 | Temple   | Became a worshipper of Qazlal Stormbringer
  4683 | D:6      | Reached skill level 1 in Invocations
  4793 | D:6      | Reached skill level 8 in Armour
  4875 | D:6      | Noticed a troll
  4901 | D:6      | Killed a troll
  5082 | D:7      | Noticed an ancient zyme
  5082 | D:7      | Noticed Henri's ghost (novice TrSh)
  5087 | D:7      | Found a transporter.
  5088 | D:7      | Found a one-way gate to the infinite horrors of the Abyss.
  5273 | D:7      | Reached skill level 9 in Armour
  5312 | D:7      | Identified the +1 flail of Understanding {flame, rF+ rN++
                  | Str+3 Int-2}
  5429 | D:7      | Reached XP level 9. HP: 83/83 MP: 10/10
  5434 | D:7      | Found a transporter.
  5466 | D:7      | Reached skill level 1 in Maces & Flails
  5551 | D:7      | Found a sacrificial altar of Ru.
  5656 | D:7      | Reached * piety under Qazlal
  5872 | D:7      | Noticed Duvessa
  5872 | D:7      | Noticed Dowan
  5879 | D:7      | Reached skill level 10 in Fighting
  5879 | D:7      | Reached skill level 10 in Armour
  5879 | D:7      | Reached skill level 5 in Invocations
  5909 | D:7      | Killed Duvessa
  5911 | D:7      | Killed Dowan
  6031 | D:7      | Identified the +1 great sword of Jiucizxoci {spect, rF+
                  | Will- rCorr Dex+2}
  6082 | D:7      | Noticed a troll
  6095 | D:7      | Killed a troll
  6096 | D:7      | Reached skill level 5 in Maces & Flails
  6096 | D:7      | Reached XP level 10. HP: 75/94 MP: 13/13
  6105 | D:7      | Identified the ring "Zipokly" {Wiz rC+}
  6373 | D:8      | Reached ** piety under Qazlal
  7095 | D:9      | Reached skill level 11 in Armour
  7208 | D:9      | Found a radiant altar of Vehumet.
  7227 | D:9      | Noticed a two-headed ogre
  7239 | D:9      | Killed a two-headed ogre
  7527 | D:9      | Found an ornate altar of the Wu Jian Council.
  7843 | D:10     | Entered Level 10 of the Dungeon
  7843 | D:10     | Noticed Harold
  7863 | D:9      | Killed Harold
  7864 | D:9      | Reached skill level 12 in Armour
  7864 | D:9      | Reached skill level 1 in Shields
  7914 | D:10     | Found a flagged portal.
  7943 | D:10     | Reached *** piety under Qazlal
  8120 | Bailey   | Entered a bailey
  8300 | Bailey   | Reached XP level 11. HP: 83/103 MP: 15/15
  8938 | D:10     | Reached skill level 13 in Armour
  9105 | D:10     | Noticed a two-headed ogre
  9121 | D:10     | Killed a two-headed ogre
  9343 | D:10     | Found a shimmering blue altar of Sif Muna.
  9827 | D:11     | Found a staircase to the Lair.
 10133 | D:11     | Found a portal to a secret trove of treasure.
 10444 | D:11     | Reached skill level 5 in Shields
 10596 | D:12     | Found Gargheocw's Weapon Shoppe.
 10788 | D:12     | Found Lurras's Magic Scroll Shop.
 10963 | D:12     | Noticed Fannar
 10974 | D:12     | Killed Fannar
 10975 | D:12     | Reached skill level 14 in Armour
 10975 | D:12     | Found a staircase to the Orcish Mines.
 11104 | D:12     | Noticed a skeletal warrior
 11104 | D:12     | Found the +11 plutonium sword {^Contam Stlth-}
 11105 | D:12     | Noticed a phantasmal warrior
 11234 | D:12     | Noticed Frances
 11239 | D:12     | Noticed a centaur warrior
 11247 | D:12     | Killed Frances
 11253 | D:12     | Killed a centaur warrior
 11503 | D:12     | Noticed a skeletal warrior
 11505 | D:12     | Noticed a skeletal warrior
 11556 | D:11     | Killed a skeletal warrior
 11557 | D:11     | Reached XP level 12. HP: 101/113 MP: 12/17
 11794 | D:12     | Found a transporter.
 11806 | D:12     | Found Nuosan's Antique Weapon Shoppe.
 11808 | D:12     | Noticed mrks's ghost (novice TrSh)
 11838 | D:12     | Found Geohoim's Antique Armour Shoppe.
 12001 | D:12     | Found a transporter.
 12002 | D:12     | Noticed a death knight
 12306 | D:13     | Reached skill level 15 in Armour
 12614 | D:13     | Noticed Azrael
 12654 | D:13     | Killed Azrael
 12763 | D:13     | Noticed an eight-headed hydra
 12777 | D:13     | Killed an eight-headed hydra
 12979 | D:13     | Noticed a boulder beetle
 13013 | D:13     | Killed a boulder beetle
 13281 | D:13     | Reached skill level 10 in Maces & Flails
 13363 | D:13     | Noticed a centaur warrior
 13376 | D:13     | Killed a centaur warrior
 13655 | D:13     | Noticed a centaur warrior
 13662 | D:13     | Killed a centaur warrior
 13666 | D:13     | Reached skill level 16 in Armour
 13940 | D:14     | Noticed a boulder beetle
 13989 | D:14     | Killed a boulder beetle
 14135 | D:14     | Reached XP level 13. HP: 62/123 MP: 19/19
 14672 | D:14     | Reached skill level 10 in Invocations
 15227 | D:14     | Reached skill level 17 in Armour
 15546 | D:14     | Found a gate to the Vaults.
 15799 | D:15     | Entered Level 15 of the Dungeon
 15818 | D:15     | Paralysed by something for 3 turns
 15826 | D:15     | Paralysed by something for 5 turns
 16194 | D:15     | Found a blossoming altar of Fedhas.
 16657 | D:15     | Found a staircase to the Depths.
 16777 | D:15     | Identified a scroll of acquirement
 16921 | D:15     | Reached skill level 15 in Fighting
 17244 | Orc:1    | Entered Level 1 of the Orcish Mines
 17347 | Orc:1    | Reached XP level 14. HP: 112/135 MP: 21/21
 17666 | Orc:1    | Noticed Erica
 17681 | Orc:1    | Killed Erica
 17882 | Orc:2    | Entered Level 2 of the Orcish Mines
 18034 | D:12     | Bought the +5 demon whip "Spellbinder" {antimagic, disrupt,
                  | Will+} for 1073 gold pieces
 18034 | D:12     | Found the +5 demon whip "Spellbinder" {antimagic, disrupt,
                  | Will+}
 18162 | Orc:2    | Noticed Snorg
 18180 | Orc:2    | Killed Snorg
 18206 | Orc:2    | Reached skill level 18 in Armour
 18336 | Orc:2    | Found Tohihax's Armour Emporium.
 18336 | Orc:2    | Found Joteun's Distillery.
 18343 | Orc:2    | Found Anien's Distillery.
 18345 | Orc:2    | Found Poeviur's General Store.
 18650 | Orc:2    | Reached **** piety under Qazlal
 18700 | Orc:2    | Noticed Jorgrun
 18716 | Orc:2    | Killed Jorgrun
 18791 | Orc:2    | Found a staircase to the Elven Halls.
 19224 | D:12     | Bought a masterwork broad axe for 297 gold pieces
 19224 | D:12     | Identified the +10 broad axe of the Tooth {pain, rF- rCorr
                  | Dex+6 SInv} (You bought it in a shop on level 12 of the
                  | Dungeon)
 19318 | Lair:1   | Entered Level 1 of the Lair of Beasts
 19503 | Lair:1   | Reached skill level 1 in Axes
 19542 | Lair:1   | Reached skill level 1 in Necromancy
 19755 | Lair:2   | Reached skill level 10 in Shields
 19875 | Lair:2   | Found a hole to the Spider Nest.
 20195 | Lair:3   | Found a runed translucent gate.
 20195 | Lair:3   | Found a runed translucent gate.
 20195 | Lair:3   | Found a runed translucent gate.
 20195 | Lair:3   | Found a viscous altar of Jiyva.
 20195 | Lair:3   | Noticed Irhican's ghost (journeyman MiBe)
 20198 | Lair:3   | Noticed Kirke
 20210 | Lair:3   | Killed Kirke
 20211 | Lair:3   | Reached XP level 15. HP: 144/144 MP: 7/23
 20218 | Lair:3   | Noticed Gastronok
 20226 | Lair:3   | Killed Gastronok
 20226 | Lair:3   | Reached ***** piety under Qazlal
 20303 | Lair:3   | You fall into a shaft and drop 1 floor!
 20561 | Lair:5   | Entered Level 5 of the Lair of Beasts
 20964 | Lair:5   | Reached skill level 5 in Axes
 21384 | Lair:5   | Reached skill level 19 in Armour
 21417 | Lair:5   | Got an earthy gem with 1715 turns to spare
 21582 | Lair:4   | Found a viscous altar of Jiyva.
 21583 | Lair:4   | Found a staircase to the Slime Pits.
 22074 | Spider:1 | Entered Level 1 of the Spider Nest
 22193 | Spider:1 | Noticed an emperor scorpion
 22220 | Spider:1 | Killed an emperor scorpion
 22493 | Spider:2 | Reached XP level 16. HP: 49/155 MP: 2/24
 24538 | Spider:3 | Identified the +1 robe of the Pits of Slime {-Tele Int+3
                  | Stlth+}
 24801 | Spider:3 | Reached ****** piety under Qazlal
 24802 | Spider:3 | Reached skill level 5 in Necromancy
 25925 | Spider:4 | Entered Level 4 of the Spider Nest
 25944 | Spider:3 | Reached skill level 20 in Armour
 26059 | Spider:3 | HP: 6/157 [wolf spider[a torpor snail] (6)]
 26064 | Spider:3 | HP: 3/157 [demonic crawler (9)]
 26064 | Spider:3 | Slain by a demonic crawler

Illustrated notes

Levels and vault maps discovered:
D:1:      minmay_arrival_checkered_box, layout_basic, minmay_pentomino_p2
D:2:      layout_rooms, minmay_tiny_reverse_x
D:3:      layout_basic, nicolae_elyvilon_peaceful_grove,
          chequers_serial_rivers_marsh
D:4:      layout_basic, gammafunk_ghost_grave, minivault_14
D:5:      layout_basic, overflow_temple_1_default,
          serial_library_regret_index_multi, minmay_misc_feat_columns,
          minmay_manual_macuahuitl
D:6:      layout_rooms, minmay_temple_entry_nine_rooms, serial_demonic,
          serial_demonic_a, serial_demonic_g, serial_demonic_c,
          serial_demonic_d, serial_demonic_b, serial_demonic_c
D:7:      regret_index_malice_mire, layout_basic, mainiacjoe_overflow_brackets,
          gammafunk_ghost_abyssal_escape, uniq_duvessa
D:8:      layout_basic, minmay_misc_feat_hallway
D:9:      layout_irregular_city, vehumet_statue, nzn_wu_jian_council_hall
D:10:     layout_rooms, old_standard_altar, enter_bailey_4, uniq_harold
D:11:     layout_stronghold, erik_lair_orcish_takeover,
          nicolae_trove_entry_crystal
D:12:     layout_layer_cave, orc_0_dummy, serial_shops,
          nicolae_shop_bloodbath_and_beyond, shop, shop, nicolae_shop_stone,
          gammafunk_ghost_mausoleum, uniq_frances, uniq_fannar
D:13:     layout_stronghold, minmay_misc_feat_rugged, chequers_jeans,
          uniq_azrael
D:14:     layout_stronghold, hellmonk_vaults_keyhole, nicolae_lava_and_water
D:15:     hangedman_depths_entry_civil_slaughter, layout_irregular_city,
          hangedman_decor_lopped, fedhas_altar_2
Temple:   nicolae_temple_x_marks_the_god
Lair:1:   dreamdust_isle_of_ice, layout_concentric_octagons, beast_lair_carwin_3
Lair:2:   layout_roguey, spider_nest_entry_a, gammafunk_ghost_arena,
          patterned_corridor
Lair:3:   layout_roguey, nicolae_shoals_entry_flooding, gammafunk_ghost_ooze,
          uniq_gastronok, uniq_kirke
Lair:4:   layout_roguey, slime_entry_1, serial_bayou_shore_b
Lair:5:   grunt_lair_end_beastmaster, layout_regular_city, kennysheep_rathole,
          lemuel_fruit_tree
Spider:1: layout_chambers
Spider:2: layout_spider_delve
Spider:3: nicolae_spider_brood_tunnel
Spider:4: hellmonk_spider_rune_bug_friends
Orc:1:    layout_diamond_mine, nicolae_orc_stony_grotto, uniq_erica
Orc:2:    st_orc_rangers, layout_caves, uniq_jorgrun, uniq_snorg

Skill      XL: |  1  2  3  4  5  6  7  8  9 10 11 12 13 14 15 16 |
---------------+-------------------------------------------------+-----
Fighting       | 1 2 3 4 6 7 9 10 11 12 13 15 16 17 | 17.8
Armour         | 1 2 3 4 6 7 9 10 12 14 16 17 18 19 20 | 20.0
Invocations    | 3 5 7 8 9 11 12 13 | 13.7
Maces & Flails | 5 7 9 10 12 | 12.8
Shields        | 3 6 8 10 11 12 | 12.9
Axes           | 3 7 9 |  9.0
Necromancy     | 2 4 5 |  5.5
Dodging        | |  2.1
Stealth        | |  1.5
Spellcasting   | |  1.3
Conjurations   | |  0.6
Alchemy        | |  2.1

Action                     |  1- 3 |  4- 6 |  7- 9 | 10-12 | 13-15 | 16-18 || total
---------------------------+-------+-------+-------+-------+-------+-------++-------
  Melee: Dagger            |    69 |   127 |   158 |       |       |       ||   354
         Unarmed           |     2 |       |       |       |       |       ||     2
         Headbutt          |     5 |    21 |    55 |   171 |   333 |    82 ||   667
         Punch             |     1 |     1 |     1 |     3 |       |       ||     6
         Flail             |       |       |   104 |   748 |   423 |       ||  1275
         Demon whip        |       |       |       |       |   682 |       ||   682
         Broad axe         |       |       |       |       |   195 |   293 ||   488
  Throw: Throwing net      |       |       |       |     4 |       |       ||     4
         Dart              |       |       |       |     4 |    16 |       ||    20
   Cast: Sting             |     2 |     5 |       |       |       |       ||     7
 Invoke: Upheaval          |       |       |       |    15 |    20 |     3 ||    38
         Elemental Force   |       |       |       |     5 |     2 |     2 ||     9
         Disaster Area     |       |       |       |       |     1 |     4 ||     5
  Evoke: Wand              |       |       |     5 |    21 |    11 |       ||    37
    Use: Scroll            |     2 |     9 |     7 |    11 |    11 |     2 ||    42
         Potion            |       |     3 |     3 |     4 |     9 |     8 ||    27
   Stab: Sleeping          |     1 |     1 |       |       |       |       ||     2
         Distracted        |       |       |     1 |       |     1 |       ||     2
         Invisible         |       |       |     1 |       |     8 |       ||     9
         Paralysed         |       |       |       |     2 |     2 |     1 ||     5
         Held in net/web   |       |       |       |     3 |       |       ||     3
         Petrified         |       |       |       |       |     1 |       ||     1
 Armour: Robe              |    38 |    62 |   122 |       |       |       ||   222
         Troll leather arm |       |       |   172 |   199 |       |       ||   371
         Crystal plate arm |       |       |       |   620 |   811 |   329 ||  1760
         Skin              |       |       |       |    19 |       |       ||    19
  Dodge: Dodged            |    53 |    68 |   266 |   233 |   153 |    72 ||   845
         Repelled          |       |       |       |       |     1 |     1 ||     2
  Block: Other             |       |       |     3 |    44 |       |       ||    47
         Buckler           |       |       |       |   566 |   139 |       ||   705
         Reflection        |       |       |       |    22 |   103 |     2 ||   127
         Kite shield       |       |       |       |       |  1147 |   499 ||  1646
